Map: Terrasses de Prion

Players

Worming - Winner!

  • Race: Zerg Zerg
  • League: Diamond

veterans

  • Race: Zerg Zerg
  • League: Diamond

VOD

Have the link to the VOD?

Description

Time

  • Played on: Dec. 16, 2015, 2:24 p.m.
  • Length: 11:34
Show
View Real Time Build Order
Export as new Build Order

Worming Zerg - Winner!

Build Orders: Pool First, Zergling Baneling 

Get SALT Encoding   

  12  0:01  Drone  
  13  0:08  Drone  
  14  0:18  Extractor  
  14  0:19  Drone  
  14  0:33  Spawning Pool  
  13  0:36  Drone  
  14  0:46  Overlord  
  14  0:49  Extractor  
  13  0:51  Drone  
  15  1:07  Drone  
  16  1:20  Queen, Zergling x2  
  16  1:21  Zergling x4  
  21  1:28  Metabolic Boost  
  22  1:32  Zergling x2  
  22  1:44  Baneling Nest  
  21  1:49  Overlord  
  22  1:54  Drone  
  22  2:09  Zergling x2  
  23  2:22  Zergling x2  
  24  2:30  Baneling x3  
  24  2:40  Zergling x2  
  24  2:41  Zergling x6  
  26  3:05  Drone x2  
  26  3:10  Hatchery  
  26  3:11  Drone x2, Evolution Chamber  
  26  3:15  Baneling x2  
  26  3:18  Drone  
  27  3:36  Zerg Ground Armor Level 1  
  27  3:39  Baneling  
  25  3:52  Baneling  
  23  4:00  Queen  
  23  4:01  Drone x4  
  23  4:02  Drone  
  29  4:04  Baneling  
  29  4:14  Overlord  
  28  4:35  Zergling x14  
  35  4:46  Zergling x4  
  37  4:56  Overlord  
  37  5:05  Baneling x3  
  37  5:06  Baneling  
  37  5:11  Overlord  
  37  5:12  Overlord  
  32  5:29  Baneling x5  
  32  5:30  Zergling x10  
  35  5:44  Zergling x2  
  35  5:45  Zergling x8  
  39  5:59  Extractor  
  39  6:01  Drone x2  
  39  6:02  Drone  
  40  6:04  Lair  
  40  6:10  Baneling  
  38  6:16  Roach Warren  
  37  6:19  Drone x5  
  34  6:28  Zergling x8  
  38  6:39  Zerg Missile Weapons Level 1  
  38  6:42  Drone x3  
  41  6:58  Overlord  
  41  7:02  Extractor  
  41  7:03  Drone x2, Extractor  
  41  7:04  Drone  
  41  7:05  Drone x3  
  41  7:06  Glial Reconstitution  
  41  7:07  Overlord  
  45  7:08  Overlord  
  44  7:18  Drone  
  44  7:19  Drone x4  
  49  7:27  Overlord  
  49  7:45  Roach x4  
  49  7:46  Roach  
  49  7:50  Roach x3  
  64  8:02  Queen  
  66  8:12  Roach x4  
  78  8:13  Roach x2  
  78  8:24  Baneling x5  
  78  8:25  Hatchery  
  77  8:31  Overseer  
  77  8:36  Ravager x5  
  83  8:41  Ravager  
  85  8:48  Roach x3  
  85  8:49  Zergling x10  
  94  9:08  Zerg Missile Weapons Level 2  
  94  9:22  Drone x5  
  94  9:23  Spire  
  91  9:46  Extractor  
  91  9:47  Drone x3  
  91  9:48  Drone  
  91  9:49  Drone x2  
  91  9:50  Extractor  
  94  10:07  Spore Crawler  
  94  10:08  Spore Crawler  
  94  10:09  Spore Crawler  
  94  10:10  Spore Crawler  
  94  10:12  Spore Crawler x2  
  94  10:14  Queen x2  
  81  10:28  Spore Crawler  
  80  10:34  Spore Crawler  
  79  10:41  Mutalisk x7  
  79  10:42  Mutalisk x2  
  97  10:53  Drone x2  
  97  10:54  Drone  
  95  11:03  Mutalisk  
  97  11:05  Overlord x2  
Show
View Real Time Build Order
Export as new Build Order

veterans Zerg 

Build Orders: Hatch First 

Get SALT Encoding   

  12  0:02  Drone  
  13  0:12  Overlord  
  13  0:17  Drone  
  14  0:31  Drone x2  
  14  0:35  Drone  
  17  0:46  Drone  
  18  0:58  Drone  
  19  1:05  Hatchery  
  18  1:11  Drone  
  18  1:16  Spawning Pool  
  18  1:18  Drone  
  19  1:21  Extractor  
  18  1:28  Drone  
  19  1:39  Overlord  
  19  1:50  Drone  
  20  2:01  Drone  
  21  2:02  Queen  
  23  2:13  Drone  
  24  2:17  Zergling x2  
  24  2:21  Spine Crawler  
  26  2:25  Baneling Nest  
  26  2:27  Zergling x2  
  26  2:31  Zergling x2  
  27  2:38  Queen, Spine Crawler  
  28  2:47  Evolution Chamber  
  17  3:00  Zergling x6  
  17  3:03  Metabolic Boost  
  20  3:11  Drone x2  
  20  3:12  Drone  
  22  3:29  Baneling x3  
  22  3:33  Zergling x4  
  24  3:35  Baneling  
  24  3:41  Evolution Chamber  
  23  3:43  Evolution Chamber  
  19  3:57  Drone  
  19  3:58  Drone x2  
  19  4:02  Drone  
  23  4:09  Zergling x2  
  26  4:19  Hatchery  
  26  4:22  Zergling x2  
  22  4:34  Drone  
  22  4:42  Drone  
  23  4:51  Drone x2  
  25  4:53  Drone  
  25  4:59  Baneling x3  
  26  5:03  Zergling x2  
  27  5:15  Drone x2  
  28  5:29  Zergling x2  
  28  5:31  Queen  
  29  5:45  Zergling x2  
  29  5:46  Zergling x12  
  35  5:52  Baneling  
  35  5:59  Drone  
  35  6:07  Baneling x2  
  35  6:08  Baneling x2  
  35  6:15  Drone  
  35  6:17  Overlord  
  36  6:21  Overlord  
  35  6:26  Queen  
  35  6:28  Zergling x6  
  36  6:36  Zergling x4  
  36  6:37  Zergling x2  
  36  6:39  Drone  
  40  6:44  Drone x2  
  42  6:54  Drone x4  
  44  6:58  Extractor  
  44  6:59  Drone, Extractor  
  44  7:01  Drone  
  45  7:09  Drone  
  45  7:10  Drone x2  
  45  7:11  Baneling  
  45  7:12  Baneling  
  48  7:18  Lair  
  48  7:26  Drone  
  48  7:27  Drone x2  
  51  7:44  Extractor  
  51  7:48  Zergling x2  
  51  7:49  Overlord x2  
  51  7:50  Overlord x2  
  51  7:57  Zergling x2  
  52  7:59  Overlord  
  51  8:15  Overlord  
  51  8:17  Spine Crawler  
  51  8:19  Spine Crawler, Spire  
  48  8:45  Drone x3  
  48  8:46  Zergling x8  
  48  8:47  Zergling x2  
  56  8:48  Overlord  
  56  9:33  Mutalisk x7  
  68  9:43  Baneling x4  
  68  9:46  Zergling x4  
  68  9:47  Zergling x14  
  77  9:59  Mutalisk  
  79  10:23  Mutalisk x2  
  81  10:38  Hatchery  
  69  10:53  Drone x6  
  69  10:54  Drone x5  
  72  11:07  Mutalisk x2  
  76  11:16  Hatchery  
  77  11:19  Drone  
Tags
 
Add a new tag
Caveats
  • Supply blocks, unpowered buildings, or Contaminate may cause inaccurate times.
  • Supply counts are checked every 10 seconds.